AoeStats
← 极地沙尘暴

Arena

508037848Analyzed
2v2 RM · 12d ago on Sep 20, 2026· 57m 19s· 4 players
Game mode
Random Map
Map size
Medium (4 player)
Population
200
Speed
Normal
Resources
Standard
Victory
Conquest
Starting age
Dark Age
Ending age
Imperial Age
RankedLock teamsTeams togetherTeam positionsShared explorationLock speedFull tech treeHidden civsTurbo modeCheats
Victory
Defeat
🇨🇳 Britons · China
1329
+16
🇨🇳 Georgians · China
1328
+16
🇮🇳 Vikings · India
1334
-16
🇮🇳 Jurchens · India
1322
-16
PsyBorg
9:39 Feudal Age
10:50 Loom
13:28 Castle Age
11:40 Double-Bit Axe
12:30 Horse Collar
13:35 Scale Mail Armor
16:12 Gambesons
23:10 Wheelbarrow
22:44 Scale Barding Armor
24:24 Forging
26:17 Chain Barding Armor
30:35 Imperial Age
29:36 Iron Casting
29:19 Bloodlines
30:04 Bow Saw
31:03 Husbandry
31:55 Plate Barding Armor
31:52 Heavy Rocket Cart
32:27 Gold Mining
33:32 Conscription
37:58 Elite Steppe Lancer
41:28 Light Cavalry
45:06 Hand Cart
47:41 Thunderclap Bombs
49:12 Hussar
52:32 Fortified Bastions
53:43 Blast Furnace
Adi
10:43 Feudal Age
12:10 Double-Bit Axe
15:01 Castle Age
12:50 Double-Bit Axe
14:04 Horse Collar
16:21 Town Watch
21:26 Bow Saw
22:02 Heavy Plow
24:46 Gold Mining
24:44 Loom
27:46 Imperial Age
25:14 Stone Mining
25:29 Scale Mail Armor
26:06 Squires
26:12 Caravan
26:31 Chain Mail Armor
26:26 Forging
27:02 Gold Shaft Mining
26:53 Arson
27:16 Town Patrol
27:40 Murder Holes
28:38 Chieftains
28:45 Capped Ram
29:15 Elite Berserk
30:54 Iron Casting
30:52 Plate Mail Armor
30:57 Iron Casting
30:07 Capped Ram
32:21 Iron Casting
31:36 Fletching
33:56 Conscription
33:22 Siege Ram
33:59 Man-at-Arms
37:06 Blast Furnace
35:28 Pikeman
35:29 Long Swordsman
35:54 Gambesons
36:07 Two-Handed Swordsman
38:28 Bodkin Arrow
38:56 Champion
45:27 Caravan
46:56 Crop Rotation
48:00 Hoardings
48:31 Two-Man Saw
48:23 Fortified Wall
48:55 Padded Archer Armor
49:19 Masonry
49:40 Bracer
极地沙尘暴
11:00 Feudal Age
14:36 Castle Age
12:59 Horse Collar
13:07 Double-Bit Axe
15:54 Bow Saw
17:03 Wheelbarrow
19:51 Loom
22:10 Hand Cart
22:14 Heavy Plow
29:50 Imperial Age
28:06 Bloodlines
28:34 Svan Towers
28:27 Fletching
29:07 Guard Tower
29:31 Gold Mining
29:34 Stone Mining
30:07 Ballistics
30:47 Bodkin Arrow
30:53 Padded Archer Armor
31:06 Scale Barding Armor
30:29 Onager
32:18 Chemistry
31:06 Arrowslits
31:32 Fortified Wall
31:58 Keep
31:19 Murder Holes
32:12 Conscription
32:59 Bracer
33:20 Chain Barding Armor
33:10 Forging
33:26 Husbandry
35:09 Iron Casting
34:00 Light Cavalry
36:10 Plate Barding Armor
37:25 Guilds
38:59 Blast Furnace
37:59 Padded Archer Armor
38:33 Siege Engineers
38:39 Masonry
37:59 Hussar
40:46 Elite Skirmisher
42:00 Architecture
41:14 Treadmill Crane
46:34 Elite Monaspa
47:40 Aznauri Cavalry
48:50 Capped Ram
剃刀割猪头
10:00 Feudal Age
14:04 Castle Age
12:27 Double-Bit Axe
13:18 Horse Collar
19:06 Loom
19:15 Fletching
24:12 Bodkin Arrow
26:10 Bow Saw
27:46 Wheelbarrow
26:57 Loom
28:28 Heavy Plow
28:36 Gold Mining
28:38 Stone Mining
30:35 Hand Cart
31:36 Gold Shaft Mining
31:34 Scale Mail Armor
35:11 Imperial Age
32:07 Man-at-Arms
33:46 Chain Mail Armor
32:54 Long Swordsman
33:19 Gambesons
34:32 Squires
35:03 Forging
35:16 Ballistics
35:21 Town Watch
36:29 Plate Mail Armor
35:23 Two-Handed Swordsman
35:49 Arson
36:29 Conscription
37:13 Chemistry
36:20 Champion
37:35 Bracer
38:52 Iron Casting
38:33 Masonry
37:47 Elite Longbowman
41:24 Blast Furnace
43:42 Warwolf
43:57 Masonry
43:52 Siege Engineers
43:28 Pikeman
43:48 Pikeman
46:11 Architecture
45:09 Halberdier
46:26 Yeomen
48:03 Guard Tower
48:23 Fortified Wall
48:55 Town Patrol
49:14 Fortified Wall
50:15 Padded Archer Armor
52:29 Leather Archer Armor
56:42 Hoardings
Connection lost

Rejoining the realm…

Still unreachable

The connection could not be restored.

Session expired

The server has moved on; the page needs a fresh start.